 Dungeon Crawl Stone Soup version 0.28-a0-10-g964c8b829e (webtiles) character file.

Game seed: 9558346470151423851

56 wakim the Sneak (level 3, 0/18 HPs)
             Began as a Vine Stalker Brigand on July 25, 2021.
             Succumbed to an adder's poison
             ... on level 1 of the Dungeon.
             The game lasted 00:02:16 (1302 turns).

wakim the Sneak (Vine Stalker Brigand)              Turns: 1302, Time: 00:02:16

Health: 0/18       AC:  3    Str: 13    XL:     3   Next: 97%
Magic:  3/4        EV: 12    Int: 11    God:
Gold:   95         SH:  0    Dex: 16    Spells: 2/2 levels left

rFire   . . .      SeeInvis .   a - +3 dagger
rCold   . . .      Faith    .   (no shield)
rNeg    . . .      Spirit   +   b - +0 robe
rPois   .          Reflect  .   (no helmet)
rElec   .          Harm     .   c - +0 cloak
rCorr   .          Rampage  .   (no gloves)
Will    .....                   (no boots)
Stlth   +++.......              (no amulet)
HPRegen 0.06/turn               (no ring)
MPRegen 0.09/turn               (no ring)

@: lethally poisoned (0 -> -3)
A: fangs 2, magic shield, antimagic bite, no potion heal 2
a: no special abilities


You were on level 1 of the Dungeon.
You visited 1 branch of the dungeon, and saw 2 of its levels.

You collected 95 gold pieces.

Inventory:

Hand Weapons
 a - a +3 dagger (weapon)
Missiles
 d - 24 poisoned darts (quivered)
 e - 2 curare-tipped darts {=f}
 g - 2 boomerangs
Armour
 b - a +0 robe (worn)
 c - a +0 cloak (worn)


   Skills:
 - Level 1.7 Fighting
 * Level 2.9 Short Blades
 - Level 1.7 Throwing
 + Level 1.5 Dodging
 + Level 5.4 Stealth


You had 2 spell levels left.
You didn't know any spells.
Your spell library was empty.

Dungeon Overview and Level Annotations

Branches:
Dungeon (2/15)

Altars:

Shops:
D:2 ?


Innate Abilities, Weirdness & Mutations

You have extremely sharp teeth.
When hurt, damage is shared between your health and your magic reserves.
Your bite disrupts and absorbs the magic of your enemies.
Potions cannot restore your health.


Message History

You completely miss the adder. You bite the adder. You drain its power.
The adder is heavily wounded.
The adder closely misses you.
You miss the adder. Your bite misses the adder.
The adder is heavily wounded.
The adder closely misses you.
You hit the adder. You bite the adder. You drain its power.
The adder is almost dead.
The adder bites you.
You are poisoned.
The adder poisons you!
You closely miss the adder.
The adder is almost dead.
You feel sick. The adder completely misses you.
You barely miss the adder. Your bite misses the adder.
The adder is almost dead.
You feel sick. The adder bites you.
You are lethally poisoned!
The adder poisons you!
You closely miss the adder. Your bite misses the adder.
The adder is severely wounded.
* * * LOW HITPOINT WARNING * * *
You feel sick. The adder closely misses you.
You hit the adder but do no damage. Your bite misses the adder.
The adder is severely wounded.
* * * LOW HITPOINT WARNING * * *
You feel sick. The adder closely misses you.
You hit the adder.
You kill the adder!
* * * LOW HITPOINT WARNING * * *
You feel sick.
You aren't carrying any potions.
Unknown command.
As you read the scroll labelled ZEYNLE RAESTOD, it crumbles to dust.
It is a scroll of enchant weapon.
Your +2 dagger glows red for a moment.
* * * LOW HITPOINT WARNING * * *
You feel sick.
* * * LOW HITPOINT WARNING * * *
You feel sick.
You die...

♣♣♣.....P≈#..#........# #.#######
.♣.......♣#...........# #.##..†..
....<....≈..#..)......# #.##.####
.P.....P.♣#.#..#+###### #.##.#
PPP...PPP≈#.##.#.########.##.#
.P.....P.≈#.##..........#.##.#
...♣.♣...≈#.###..######.#.##.####
≈≈≈♣.♣≈≈≈≈#.# #..######.#.##.....
####.######.# #.@.....#.#.#######
###.....#.#.# #######.#.#(# #
....###.#.#.# #.#.#.# #
###.......#.# #.#.#.# #
#####.#.#.# #.#.#.# # #.#.#.##
#.#.#.# # #.#....# #.#.#.# #
#.###..# #.#.#.# # #.#
#..########.#.#.# #


There were no monsters in sight!

Vanquished Creatures
  An adder (D:1)
  A gnoll (D:2)
  A worm (D:2)
  A dart slug (D:1)
  4 ball pythons (D:1)
  4 bats
  2 endoplasms (D:1)
  3 goblins (D:1)
  2 hobgoblins (D:1)
  4 jackals (D:1)
  2 kobolds (D:1)
  2 quokkas
  2 frilled lizards (D:1)
  3 rats
32 creatures vanquished.

Vanquished Creatures (others)
  A plant (D:2)
  5 toadstools (D:1)
6 creatures vanquished.

Grand Total: 38 creatures vanquished

Notes
Turn   | Place    | Note
-------+----------+-------------------------------------------
     0 | D:1      | wakim the Vine Stalker Brigand began the quest for the Orb.
     0 | D:1      | Reached XP level 1. HP: 11/11 MP: 2/2
   295 | D:1      | Reached skill level 1 in Dodging
   308 | D:1      | Reached skill level 5 in Stealth
   308 | D:1      | Reached XP level 2. HP: 15/15 MP: 3/3
   721 | D:1      | Reached XP level 3. HP: 15/18 MP: 1/4
  1249 | D:2      | Found Raidotuo's Magic Scroll Emporium.
  1302 | D:1      | Succumbed to an adder's poison

Illustrated notes

Levels and vault maps discovered:
D:1:      ldierk_walled_garden, layout_basic, serial_park_tiny_2
D:2:      layout_rooms, chequers_ecumenical_altar_lobes, serial_shops,
          shop_fountains, shop, uniq_natasha, uniq_jessica

Skill      XL: |  1 |
---------------+----+-----
Short Blades   | 2 |  2.9
Dodging        | 1 |  1.5
Stealth        | 5 |  5.4
Fighting       | |  1.7
Throwing       | |  1.7

Action                   || total
-------------------------++-------
Melee: Dagger            ||    84
       Bite              ||    17
  Use: Scroll            ||     3
 Stab: Sleeping          ||     9
Armor: Robe              ||    17
Dodge: Dodged            ||    53

Table legend: (Time is in decaauts)
 A = Elapsed time spent in this place.
 B = Non-inter-level travel time spent in this place.
 C = Inter-level travel time spent in this place.
 D = Time resting spent in this place.
 E = Time spent auto-exploring this place.
 F = Levels seen in this place.
 G = Mean time per level.
                   A        B        C        D        E       F      G
               +--------+--------+--------+--------+--------+-----+--------+
         Total |   1292 |   1259 |     33 |      0 |   1011 |   2 |  646.0 |
       Dungeon |   1292 |   1259 |     33 |      0 |   1011 |   2 |  646.0 |
               +--------+--------+--------+--------+--------+-----+--------+

Top non-repeatable levels by time:
     D:1: 1154 daAuts
     D:2: 137 daAuts
